 Dungeon Crawl Stone Soup version 0.20.1-1-g8b1a95d (webtiles) character file.

170 TheGuigne the Slasher (level 5, 0/41 HPs)
             Began as a Demonspawn Fighter on Aug 12, 2017.
             Killed from afar by an orc wizard (10 damage)
             ... with a puff of frost
             ... on level 3 of the Dungeon.
             The game lasted 00:05:05 (2461 turns).

TheGuigne the Slasher (Demonspawn Fighter)          Turns: 2461, Time: 00:05:06

Health: 0/41       AC: 12    Str: 18    XL:     5   Next: 26%
Magic:  5/5        EV:  6    Int:  9    God:
Gold:   66         SH:  8    Dex: 12    Spells: 4/4 levels left

rFire    . . .     SeeInvis .   a - +0 long sword
rCold    . . .     Gourm    .   c - +0 shield
rNeg     . . .     Faith    .   b - +0 scale mail
rPois    .         Spirit   .   (no helmet)
rElec    .         Reflect  .   (no cloak)
rCorr    .         Harm     .   l - +0 pair of gloves
MR       .....                  (no boots)
Stlth    +.........             (no amulet)
Regen    0.2/turn               p - +3 ring of protection
MPRegen  0.1/turn               (no ring)

@: drained
A: molten scales 1, nightstalker 1
a: no special abilities


You were on level 3 of the Dungeon.
You were hungry.

You visited 1 branch of the dungeon, and saw 3 of its levels.

You collected 66 gold pieces.

Inventory:

Hand Weapons
 a - a +0 long sword (weapon)
Armour
 b - a +0 scale mail (worn)
 c - a +0 shield (worn)
 l - a +0 pair of gloves (worn)
Jewellery
 g - an uncursed amulet of harm
 p - a +3 ring of protection (left hand)
Scrolls
 e - 3 scrolls of noise {unknown}
 h - 2 scrolls of remove curse {unknown}
 j - a scroll of teleportation {unknown}
 m - a scroll of magic mapping {unknown}
 r - a scroll of enchant weapon {unknown}
Potions
 d - a potion of might
 i - 3 potions of heal wounds {unknown}
 n - 2 potions of curing {unknown}
 q - a potion of agility {unknown}
Comestibles
 f - a bread ration
 k - 2 chunks of flesh
 o - a fruit


   Skills:
 - Level 3.0(2.6) Fighting
 + Level 5.0(4.7) Long Blades
 - Level 2.6(2.3) Armour
 - Level 2.6(2.3) Shields


You had 4 spell levels left.
You didn't know any spells.

Dungeon Overview and Level Annotations

Branches:
Dungeon (3/15)

Altars:
Ru


Innate Abilities, Weirdness & Mutations

You are partially covered in molten scales. (AC +2)
You are slightly more attuned to the shadows.


Message History

You hear some strange, mumbled words.
A puff of frost appears from out of thin air!
The puff of frost hits you!
You hit something.
You hear some strange, mumbled words.
A puff of flame appears from out of thin air!
The puff of flame hits you!
You miss something. Something completely misses you.
You hear some strange, mumbled words.
A puff of flame appears from out of thin air!
The puff of flame hits you!
* * * LOW HITPOINT WARNING * * *
You closely miss something.
You hear some strange, mumbled words.
You closely miss something.
Something hits you but does no damage. x2
You hit something but do no damage.
You hear some strange, mumbled words.
A puff of frost appears from out of thin air!
The puff of frost hits you!
You die...

#. #..#######.
#.###......#...
#...#.......)..
..............
#.###...........
........)....... ##
#.###...........
..##. #.{.........
#..#. ##@).........
#...##<.........>.
#......#.....##..
###..........# ##
#[).####.##..#
##.#...# .# #..
.###### ###$.###.#
.. ......#
#.^..###.#
......###.#........


There were no monsters in sight!

Vanquished Creatures
  5 gnolls
  5 adders
  A worm (D:2)
  2 dart slugs (D:1)
  4 leopard geckos
  4 orcs (D:3)
  A ball python (D:2)
  5 giant cockroaches (D:1)
  7 hobgoblins
  3 kobolds
  2 quokkas
  9 bats
  A frilled lizard (D:1)
  11 goblins
  7 rats
67 creatures vanquished.

Notes
Turn   | Place    | Note
-------+----------+-------------------------------------------
     0 | D:1      | TheGuigne the Demonspawn Fighter began the quest for the Orb.
     0 | D:1      | Reached XP level 1. HP: 18/18 MP: 1/1
   111 | D:1      | Reached skill level 2 in Long Blades
   254 | D:1      | Gained mutation: You are partially covered in molten scales. (AC +2) [demonic ancestry]
   254 | D:1      | Reached XP level 2. HP: 24/24 MP: 2/2
   291 | D:1      | Reached skill level 3 in Long Blades
   583 | D:1      | Reached XP level 3. HP: 28/29 MP: 3/3
  1228 | D:2      | Found a sacrificial altar of Ru.
  1579 | D:2      | Reached XP level 4. HP: 35/35 MP: 4/4
  1627 | D:2      | Reached skill level 4 in Long Blades
  2119 | D:3      | Gained mutation: You are slightly more attuned to the shadows. [demonic ancestry]
  2119 | D:3      | Reached XP level 5. HP: 9/41 MP: 5/5
  2420 | D:3      | Reached skill level 5 in Long Blades
  2461 | D:3      | Killed from afar by an orc wizard

Skill      XL: |  1  2  3  4  5 |
---------------+----------------+-----
Long Blades    | 2 3 4 5 |  5.0
Fighting       | |  3.0
Armour         | |  2.6
Shields        | |  2.6

Action                   |  1- 3 |  4- 6 || total
-------------------------+-------+-------++-------
Melee: Long sword        |   140 |   116 ||   256
  Eat: Chunk             |     2 |     3 ||     5
Armor: Scale mail        |    96 |    97 ||   193
Dodge: Dodged            |    51 |    44 ||    95
Block: Shield            |    73 |    60 ||   133
       Rpst.: Long sword |    18 |    12 ||    30
